 Dungeon Crawl Stone Soup version 0.30-a0-883-g5ad918d77d (webtiles) character file.

Game seed: 14447056676190715723

619 Khashishi the Sneak (level 7, -1/41 HPs)
             Began as a Kobold Chaos Knight on Mar 16, 2023.
             Was a Plaything of Xom.
             Killed by divine providence
             ... invoked by an orc priest
              (11 damage)
             ... on level 2 of the Dungeon.
             The game lasted 00:15:14 (3319 turns).

Khashishi the Sneak (Kobold Chaos Knight)           Turns: 3319, Time: 00:15:15

Health: -1/41      AC:  6    Str:  9    XL:     7   Next: 74%
Magic:  7/7        EV: 14    Int: 13    God:    Xom [....*.]
Gold:   207        SH:  0    Dex: 13    Spells: 6/6 levels left

rFire   . . .      SeeInvis +    b - +8 broad axe "Arex" {chaos, rPois rN++ Dex-4 SInv}
rCold   . . .      Faith    .    (shield currently unavailable)
rNeg    + + .      Spirit   .    w - +2 leather armour
rPois   +          Reflect  .    (no helmet)
rElec   .          Rampage  .    (no cloak)
rCorr   .                        g - +0 pair of gloves
Will    .....                    (no boots)
Stlth   ++++                     (no amulet)
HPRegen 0.26/turn                (no ring)
MPRegen 0.10/turn                (no ring)

@: no status effects
A: small, no large weapons, nightstalker 3
a: Renounce Religion


You were on level 2 of the Dungeon.
You worshipped Xom.
You were a beloved toy of Xom.
You visited 1 branch of the dungeon, and saw 4 of its levels.

You collected 207 gold pieces.

Inventory:

Hand Weapons
 a - a +0 short sword of chaos
 b - the +8 broad axe "Arex" (weapon) {chaos, rPois rN++ Dex-4 SInv}
   (Xom gifted it to you on level 3 of the Dungeon)

   Dex:       It affects your dexterity (-4).
   rPois:     It protects you from poison.
   rN:        It greatly protects you from negative energy.
   SInv:      It lets you see invisible.
Missiles
 e - 3 poisoned darts (quivered)
 o - a throwing net
Armour
 g - a +0 pair of gloves (worn)
 k - a +1 buckler of reflection
 w - a +2 leather armour (worn)
Magical Staves
 u - a staff of air
Scrolls
 d - 2 scrolls of fear {unknown}
 i - a scroll of blinking {unknown}
 j - a scroll of teleportation
 l - 4 scrolls of identify {unknown}
 p - a scroll of silence {unknown}
 q - a scroll of acquirement {unknown}
 r - a scroll of amnesia {unknown}
 t - a scroll of fog {unknown}
 y - a scroll of poison {unknown}
Potions
 f - a potion of ambrosia {unknown}
 h - a potion of mutation {unknown}
 m - a potion of lignification {unknown}
 n - a potion of attraction {unknown}
 s - 2 potions of curing {unknown}
 v - a potion of resistance {unknown}
 x - a potion of invisibility {unknown}
Miscellaneous
 c - a piece from Xom's chessboard (12/15)


   Skills:
 - Level 3.2 Fighting
 - Level 4.0 Short Blades
 + Level 2.4 Axes
 - Level 0.7 Armour
 - Level 2.4 Dodging
 + Level 6.6 Stealth
 - Level 1.2 Shields
 + Level 5.6 Evocations


You had 6 spell levels left.
You didn't know any spells.
Your spell library contained the following spells:

 Spells                   Type           Power      Damage    Failure   Level
 Sandblast                Erth           0%         2d4       38%         1
 Slow                     Hex            0%         N/A       38%         1
 Cigotuvi's Dreadful Rot  Necr/Pois/Air  0%         N/A       54%         2
 Passwall                 Tmut/Erth      0%         N/A       54%         2
 Confusing Touch          Hex            0%         N/A       77%         3
 Stone Arrow              Conj/Erth      0%         3d7       77%         3
 Vampiric Draining        Necr           0%         2d6       77%         3
 Dispel Undead            Necr           0%         3d6       99%         4
 Petrify                  Tmut/Erth      0%         N/A       99%         4
 Lee's Rapid Deconstruct  Erth           0%         3d4*      100%        5
 Death Channel            Necr           0%         N/A       100%        6
 Storm Form               Tmut/Air       0%         N/A       100%        7


Dungeon Overview and Level Annotations

Branches:
Dungeon (4/15)
 Temple: D:4-7

Altars:
Ashenzari
Fedhas
Kikubaaqudgha
Sif Muna
Uskayaw
Yredelemnul

Shops:
D:4 [


Innate Abilities, Weirdness & Mutations

You are small and have problems with some larger weapons.
You are completely attuned to the shadows.


Message History

You kill the orc!
The orc wizard mumbles some strange words.
The orc wizard flickers and vanishes for a moment.
The orc hits you with a +0 hand axe.
You hit the orc. You freeze the orc.
The orc is moderately wounded.
You barely miss the orc wizard. You hit the orc. You burn the orc.
The orc wizard closely misses you. The orc misses you.
The orc wizard hits you but does no damage.
The orc priest looks braver for a moment.
The orc hits you with a +0 hand axe.
You slash the orc wizard!
The orc wizard suddenly seems more resistant.
The orc wizard is severely wounded.
You slash the orc! You freeze the orc.
You kill the orc!
You slash the orc wizard!
You kill the orc wizard!
The orc priest mumbles some strange prayers to Beogh against you.
You struggle to resist.
You slash the orc priest!
The orc priest seems to speed up.
The orc priest is severely wounded.
The orc priest hits you with a +0 club.
You closely miss the orc priest.
The orc priest is severely wounded.
The orc priest calls down the wrath of Beogh upon you.
Beogh smites you!
The orc priest invokes the aid of Beogh against you.
Beogh smites you!
* * * LOW HITPOINT WARNING * * *
The orc priest hits you with a +0 club.
* * * LOW HITPOINT WARNING * * *
The orc priest casts a cantrip, but nothing happens.
You barely miss the orc priest.
The orc priest is severely wounded.
The orc priest hits you but does no damage.
The orc priest mumbles some strange prayers to Beogh against you.
Beogh smites you!
You die...
Xom roars with laughter!

#........###.....<.
###.........##.......
####...........$#.......
#..............⌠#.......
####>###..........$#.......
######..........o...... #.##....
#...<....#####o.oo....###.######
##.....### #)#########..##....
####.##.# #o@.........##.....
.....##.# #.....[..####......
........#######........# #......
#######................# #......
#...#####........####.[....
###.#####............>.....
#..............###.#.....
##...........### #.#.....
#.._........## #.......


You could see 2 orc priests.

Vanquished Creatures
  An ogre (D:4)
  A scorpion (D:4)
  A jelly (D:4)
  2 orc priests (D:4)
  Natasha (twice) (D:3)
  An iguana (D:4)
  6 orc wizards
  5 adders
  3 gnolls (D:2)
  A worm (D:3)
  2 dart slugs
  9 orcs
  6 endoplasms
  4 giant cockroaches
  7 goblins
  7 hobgoblins
  4 quokkas
  6 ball pythons
  4 bats
  2 frilled lizards (D:3)
  5 kobolds
  5 rats
84 creatures vanquished.

Vanquished Creatures (others)
  5 plants (D:1)
  4 withered plants (D:1)
9 creatures vanquished.

Grand Total: 93 creatures vanquished

Notes
Turn   | Place    | Note
-------+----------+-------------------------------------------
     0 | D:1      | Khashishi the Kobold Chaos Knight began the quest for the
                  | Orb.
     0 | D:1      | Reached XP level 1. HP: 14/14 MP: 1/1
    10 | D:1      | XOM: silly message
   102 | D:1      | Reached skill level 1 in Stealth
   105 | D:1      | XOM: noise
   493 | D:1      | Reached skill level 1 in Evocations
   497 | D:1      | Reached XP level 2. HP: 17/19 MP: 2/2
   751 | D:1      | Found a faded altar of an unknown god.
   764 | D:1      | Reached skill level 2 in Stealth
   955 | D:2      | Reached XP level 3. HP: 23/23 MP: 3/3
   960 | D:2      | XOM: fake destruction
   976 | D:2      | Reached skill level 3 in Stealth
   979 | D:2      | Reached XP level 4. HP: 18/28 MP: 4/4
   985 | D:2      | HP: 1/28 [gnoll/+0 club (7)]
  1041 | D:2      | XOM: god gift: Xom's Precepts of the Fray {god gift}
  1042 | D:2      | Got Xom's Precepts of the Fray {god gift}
  1285 | D:2      | Found a blossoming altar of Fedhas.
  1305 | D:2      | Reached skill level 4 in Stealth
  1305 | D:2      | Reached XP level 5. HP: 32/32 MP: 5/5
  2058 | D:3      | Found a basalt altar of Yredelemnul.
  2058 | D:3      | Found an ancient bone altar of Kikubaaqudgha.
  2060 | D:3      | Found a shimmering blue altar of Sif Muna.
  2212 | D:3      | Noticed Natasha
  2233 | D:3      | Killed Natasha
  2234 | D:3      | Reached skill level 1 in Shields
  2320 | D:3      | Found a hide-covered altar of Uskayaw.
  2324 | D:3      | Found a broken altar of Ashenzari.
  2516 | D:3      | XOM: god gift: ichor-stained broad axe {god gift}
  2516 | D:3      | Identified the +8 broad axe "Arex" {chaos, rPois rN++ Dex-4
                  | SInv} (Xom gifted it to you on level 3 of the Dungeon)
  2517 | D:3      | Noticed Natasha
  2528 | D:3      | Killed Natasha
  2563 | D:4      | Reached XP level 6. HP: 37/37 MP: 6/6
  2719 | D:4      | XOM: summons 4 hostile demons
  2720 | D:4      | Noticed an orange demon
  2812 | D:4      | Reached skill level 5 in Stealth
  2814 | D:4      | XOM: smoke on damage
  2817 | D:4      | Reached skill level 1 in Axes
  2840 | D:4      | XOM: chaos cloud
  2878 | D:4      | Found Ajejat's Antique Armour Shoppe.
  2904 | D:4      | Reached XP level 7. HP: 41/41 MP: 7/7
  3131 | D:4      | Reached skill level 6 in Stealth
  3131 | D:4      | Reached skill level 5 in Evocations
  3171 | D:4      | XOM: enchant monster (bad)
  3173 | D:4      | XOM: scenery: summon butterflies
  3319 | D:2      | Killed from afar by an orc priest

Illustrated notes

Levels and vault maps discovered:
D:1:      dpeg_arrival_arbitrary_a, layout_loops_ring,
          shapermc_ecumenical_altar_flowoftime
D:2:      cheibrodos_pilgrimage, layout_rooms, basic_altar,
          hangedman_decor_opposing, nicolae_figureground_sparkle
D:3:      layout_basic, grunt_temple_overflow_open, uniq_natasha
D:4:      kennysheep_big_flooded_room, layout_basic, serial_shops,
          kennysheep_little_box

Skill      XL: |  1  2  3  4  5  6  7 |
---------------+----------------------+-----
Stealth        | 1 2 3 4 5 6 |  6.6
Evocations     | 1 2 3 4 5 |  5.6
Shields        | 1 |  1.2
Axes           | 1 2 |  2.4
Fighting       | |  3.2
Short Blades   | |  4.0
Armour         | |  0.7
Dodging        | |  2.4

Action                     |  1- 3 |  4- 6 |  7- 9 || total
---------------------------+-------+-------+-------++-------
  Melee: Short sword       |    52 |   110 |     6 ||   168
         Punch             |       |     1 |       ||     1
         Broad axe         |       |    27 |    23 ||    50
  Throw: Dart              |     2 |     9 |       ||    11
  Evoke: Piece from Xom's  |     5 |     9 |     1 ||    15
    Use: Scroll            |       |     2 |       ||     2
   Stab: Sleeping          |     7 |    21 |     3 ||    31
         Paralysed         |     1 |       |       ||     1
         Confused          |       |     2 |       ||     2
         Petrified         |       |     3 |       ||     3
         Petrifying        |       |     1 |       ||     1
         Distracted        |       |       |     1 ||     1
 Armour: Leather armour    |     6 |    35 |    13 ||    54
  Dodge: Dodged            |    28 |    67 |    19 ||   114
  Block: Buckler           |       |    14 |       ||    14

Table legend: (Time is in decaauts)
 A = Elapsed time spent in this place.
 B = Non-inter-level travel time spent in this place.
 C = Inter-level travel time spent in this place.
 D = Time resting spent in this place.
 E = Time spent auto-exploring this place.
 F = Levels seen in this place.
 G = Mean time per level.
                   A        B        C        D        E       F      G
               +--------+--------+--------+--------+--------+-----+--------+
         Total |   3314 |   3132 |    182 |    161 |   1932 |   4 |  828.5 |
       Dungeon |   3314 |   3132 |    182 |    161 |   1932 |   4 |  828.5 |
               +--------+--------+--------+--------+--------+-----+--------+

Top non-repeatable levels by time:
     D:3: 943 daAuts
     D:1: 943 daAuts
     D:2: 746 daAuts
     D:4: 681 daAuts
